 Dungeon Crawl Stone Soup version 0.31-a0-557-g6e16503903 (webtiles) character file.

Game seed: 11708115685949278514

1134 CraigForest the Ruffian (level 8, -11/75 HPs)
             Began as a Troll Fighter on Aug 15, 2023.
             Was an Initiate of Hepliaklqana.
             Succumbed to a redback's poison
             ... on level 6 of the Dungeon on Aug 17, 2023.
             The game lasted 00:18:13 (4566 turns).

CraigForest the Ruffian (Troll Fighter)             Turns: 4566, Time: 00:18:14

Health: -11/75     AC:  4    Str: 27    XL:     8   Next: 14%
Magic:  6/6        EV:  9    Int:  4    God:    Hepliaklqana [......]
Gold:   369        SH:  8    Dex:  9    Spells: 7/7 levels left

rFire   . .          .
                       - Unarmed
rCold   . . .        b - +0 kite shield
rNeg    . . .        a - +0 robe
rPois   .            (helmet restricted)
rElec   .            (no cloak)
rCorr   .            (gloves unavailable)
SInv    .            (boots unavailable)
Will    .....        (no amulet)
Stlth   +            (no ring)
HPRegen 1.12/turn    (no ring)
MPRegen 0.10/turn

%: no passive effects
@: lethally poisoned (-11 -> -58)
A: large, unfitting armour, claws 3, regeneration 1, shaggy fur 1, tough skin 1,
beak, low MP 1, evolution 1
a: Renounce Religion


You were on level 6 of the Dungeon.
You worshipped Hepliaklqana.
Hepliaklqana was noncommittal.
You visited 1 branch of the dungeon, and saw 6 of its levels.
You also visited: Sewer and Ossuary.

You collected 369 gold pieces.

Inventory:

Hand Weapons
 h - a +4 whip
 x - a +2 quarterstaff of chaos
Missiles
 z - 6 javelins
 I - 6 poisoned darts
Armour
 a - a +0 robe (worn)
 b - a +0 kite shield (worn)
 k - the +0 pair of boots of a sewer {rN++ Str-5}
   (You found it on level 2 of the Dungeon)

   Str-5:     It affects your strength (-5).
   rN++:      It greatly protects you from negative energy.
 y - a +1 cloak of stealth
Wands
 l - a wand of digging (4)
 q - a wand of iceblast (6)
 J - a wand of polymorph (8)
Scrolls
 e - a scroll of teleportation
 f - 2 scrolls of identify
 i - 2 scrolls of poison
 j - a scroll of noise {unknown}
 m - a scroll of blinking {unknown}
 u - a scroll of silence {unknown}
 v - a scroll of vulnerability {unknown}
 w - a scroll of summoning {unknown}
 A - a scroll of enchant weapon {unknown}
 C - a scroll of torment {unknown}
 E - a scroll of revelation
 G - a scroll of brand weapon {unknown}
 H - 2 scrolls of immolation {unknown}
Potions
 c - 2 potions of might
 n - 2 potions of berserk rage
 o - 2 potions of ambrosia
 p - a potion of haste
 r - 4 potions of enlightenment
 s - a potion of cancellation
 t - 2 potions of mutation
 B - a potion of magic
 D - a potion of attraction
 F - a potion of invisibility


   Skills:
 + Level 3.3 Fighting
 + Level 4.7 Dodging
 + Level 1.0 Stealth
 + Level 4.4 Shields
 + Level 6.6 Unarmed Combat


You had 7 spell levels left.
You didn't know any spells.
Your spell library contained the following spells:

 Spells                   Type           Power      Damage    Failure   Level
 Magic Dart               Conj           0%         1d3       73%         1
 Blink                    Tloc           0%         N/A       86%         2
 Call Imp                 Summ           0%         N/A       86%         2
 Lesser Beckoning         Tloc           0%         N/A       86%         2
 Momentum Strike          Conj/Tloc      0%         3d8       86%         2
 Mephitic Cloud           Conj/Pois/Air  0%         N/A       97%         3
 Volatile Blastmotes      Fire/Tloc      0%         2d10      97%         3
 Fulminant Prism          Conj/Hex       0%         3d5       100%        4
 Iskenderun's Mystic Bla  Conj/Tloc      0%         2d3       100%        4


Dungeon Overview and Level Annotations

Branches:
Dungeon (6/15)              Sewer (visited)         Ossuary (visited)
 Temple: D:4-7

Altars:
Ashenzari
Cheibriados
Fedhas
Hepliaklqana
Makhleb
Okawaru
Ru

Shops:
D:1 (   D:4 (

Annotations:
D:5 2 runed translucent doors


Innate Abilities, Weirdness & Mutations

You are too large for most types of armour.
You have claws for hands.
Your natural rate of healing is unusually fast.
You are covered in fur. (AC +1)
You have tough skin. (AC +1)
You have a beak for a mouth.
Your magical capacity is low. (-10% MP)
You have hidden genetic potential.


Message History

The redback poisons you!
You barely miss the redback. Your peck misses the redback.
The redback is heavily wounded.
You feel extremely sick. The redback bites you!
You are lethally poisoned!
The redback poisons you! The redback barely misses you.
You closely miss the redback.
The redback is heavily wounded.
You feel extremely sick. The redback barely misses you.
You feel better. You block the redback's attack. The redback bites you.
The redback bites you!
There is an escape hatch in the floor here.
The redback bites you!
The redback bites you but does no damage.
You slide downwards.
The hatch slams shut behind you.
You claw the redback! Your peck misses the redback.
The redback is severely wounded.
The redback bites you!
* * * LOW HITPOINT WARNING * * *
You are lethally poisoned!
The redback poisons you!
You barely miss the redback.
The redback is severely wounded.
* * * LOW HITPOINT WARNING * * *
You feel extremely sick. The redback barely misses you. The redback bites you.
* * * LOW HITPOINT WARNING * * *
You are more poisoned.
The redback poisons you!
You feel much better.
* * * LOW HITPOINT WARNING * * *
You feel extremely sick. The redback bites you.
* * * LOW HITPOINT WARNING * * *
Okay, then.
You claw the redback!
You kill the redback!
You die...

## .# #####
.#
......##.#
#.†@.#
#........#
#..#...#...
#..# .⌠.# .
#..# ....#
#.# #.#..#
#. .##... .
.. #..


There were no monsters in sight!

Vanquished Creatures
  Sigmund (D:2)
  A redback (D:6)
  Blork the orc (D:4)
  A hound (D:4)
  A gnoll bouda (D:5)
  Crazy Yiuf (D:3)
  Jessica (D:2)
  An iguana (D:5)
  2 orc wizards
  A sleepcap (D:4)
  12 mummies (Ossuary)
  16 gnolls
  8 river rats
  14 adders
  5 worms
  2 dart slugs
  13 orcs
  13 ball pythons
  11 bats
  9 endoplasms
  3 giant cockroaches
  7 goblins
  9 hobgoblins
  16 jackals
  8 quokkas
  5 frilled lizards
  3 goblin skeletons (Ossuary)
  7 kobolds
  2 kobold skeletons (Ossuary)
  3 orc skeletons (Ossuary)
  6 rats
  11 rat skeletons (Ossuary)
194 creatures vanquished.

Notes
Turn   | Place    | Note
-------+----------+-------------------------------------------
     0 | D:1      | CraigForest the Troll Fighter began the quest for the Orb.
     0 | D:1      | Reached XP level 1. HP: 22/22 MP: 0/0
   135 | D:1      | Reached XP level 2. HP: 29/29 MP: 1/1
   279 | D:1      | Reached XP level 3. HP: 17/36 MP: 2/2
   309 | D:1      | Found Saem Jong's Weapon Boutique.
   732 | D:2      | Identified the +0 pair of boots of a sewer {rN++ Str-5}
  1006 | D:2      | Reached XP level 4. HP: 44/44 MP: 3/3
  1009 | D:2      | Found a broken altar of Ashenzari.
  1032 | D:2      | Noticed Sigmund
  1046 | D:2      | Killed Sigmund
  1047 | D:2      | Reached skill level 3 in Unarmed Combat
  1047 | D:2      | Reached XP level 5. HP: 51/53 MP: 4/4
  1080 | D:2      | Noticed Jessica
  1088 | D:2      | Killed Jessica
  1316 | D:3      | Reached XP level 6. HP: 57/61 MP: 5/5
  1337 | D:3      | Reached skill level 4 in Unarmed Combat
  1768 | D:3      | Found a glowing drain.
  1773 | Sewer    | Entered a sewer
  2215 | Sewer    | Gained mutation: Your magical capacity is low. (-10% MP)
                  | [potion of mutation]
  2215 | Sewer    | Gained mutation: You have hidden genetic potential. [potion
                  | of mutation]
  2266 | Sewer    | Reached XP level 7. HP: 57/67 MP: 5/5
  2627 | D:3      | Found a hazy altar of Hepliaklqana.
  2671 | D:3      | Became a worshipper of Hepliaklqana the Forgotten
  2809 | D:3      | Found a runed translucent door.
  2810 | D:3      | Noticed Crazy Yiuf
  2819 | D:3      | Killed Crazy Yiuf
  3048 | D:3      | Found a burning altar of Makhleb.
  3048 | D:3      | Found an iron altar of Okawaru.
  3171 | D:3      | Reached skill level 5 in Unarmed Combat
  3395 | D:4      | Found Fypadien's Antique Weapon Shop.
  3434 | D:4      | Noticed Blork the orc
  3445 | D:4      | Killed Blork the orc
  3466 | D:4      | Gained mutation: You have a beak for a mouth. [hidden
                  | potential]
  3549 | D:4      | Found a sand-covered staircase.
  3554 | Ossuary  | Entered an ossuary
  3792 | Ossuary  | Reached skill level 6 in Unarmed Combat
  3871 | Ossuary  | Upgraded the game from 0.31-a0-544-gceb718ecc6 to
                  | 0.31-a0-557-g6e16503903
  4077 | D:4      | Reached XP level 8. HP: 75/75 MP: 6/6
  4098 | D:4      | Found a sacrificial altar of Ru.
  4125 | D:4      | Found a blossoming altar of Fedhas.
  4125 | D:4      | Found a snail-covered altar of Cheibriados.
  4366 | D:5      | Entered Level 5 of the Dungeon
  4400 | D:5      | Reached skill level 1 in Stealth
  4437 | D:5      | Found a runed translucent gate.
  4438 | D:5      | Found a runed translucent door.
  4445 | D:5      | Found a runed translucent gate.
  4445 | D:5      | Found a runed translucent gate.
  4486 | D:5      | Found a runed translucent door.
  4500 | D:5      | Found the +9 staff of Olgreb {rPois∞}
  4564 | D:6      | HP: 3/75 [redback (4)]
  4565 | D:6      | HP: 1/75 [redback (6)]
  4566 | D:6      | Succumbed to a redback's poison

Illustrated notes

Levels and vault maps discovered:
D:1:      lightli_arrival_quake, layout_basic, serial_shops,
          nicolae_shop_hallway_plus, nicolae_grassy_gnolls
D:2:      layout_basic, basic_altar, uniq_jessica, uniq_sigmund
D:3:      layout_loops_corners, nicolae_hepliaklqana_hazy_memory,
          gammafunk_temple_overflow_wave, portal_sewer_entry_e,
          uniq_crazy_yiuf_cottage
D:4:      layout_rooms, mainiacjoe_overflow_cross_hatched,
          nicolae_overflow_two_pavilions, enter_ossuary_2, serial_shops, shop,
          serial_bayou, serial_bayou_crossing, serial_bayou_pond_b,
          serial_bayou_lake_a, serial_bayou_lagoon_a, serial_bayou_pond_b,
          eino_tiny_chamber, uniq_blork_the_orc
D:5:      layout_loops_ring, kennysheep_little_box, hangedman_decor_opposing,
          minmay_gold_behind_fungi, minmay_guarded_unrand_staff_of_olgreb
D:6:      layout_loops_ring, nicolae_wu_jian_immortal_techniques,
          general_overflow_altar, minmay_temple_entry_waves, serial_shops,
          nicolae_shop_tiny_glass

Skill      XL: |  1  2  3  4  5  6  7  8 |
---------------+-------------------------+-----
Dodging        | 3 4 |  4.7
Shields        | 3 4 |  4.4
Fighting       | 3 |  3.3
Unarmed Combat | 3 4 6 |  6.6
Stealth        | 1 |  1.0

Action                     |  1- 3 |  4- 6 |  7- 9 || total
---------------------------+-------+-------+-------++-------
  Melee: Unarmed           |    86 |   216 |   276 ||   578
         Peck              |       |       |    23 ||    23
    Use: Potion            |       |     1 |     4 ||     5
         Scroll            |       |       |    11 ||    11
   Stab: Sleeping          |       |       |     3 ||     3
 Armour: Robe              |    22 |    65 |    85 ||   172
  Dodge: Dodged            |    26 |    99 |   128 ||   253
  Block: Kite shield       |    21 |    93 |   131 ||   245

Table legend: (Time is in decaauts)
 A = Elapsed time spent in this place.
 B = Non-inter-level travel time spent in this place.
 C = Inter-level travel time spent in this place.
 D = Time resting spent in this place.
 E = Time spent auto-exploring this place.
 F = Levels seen in this place.
 G = Mean time per level.
                   A        B        C        D        E       F      G
               +--------+--------+--------+--------+--------+-----+--------+
         Total |   4578 |   4503 |     75 |    199 |   2615 |   8 |  572.2 |
       Dungeon |   3479 |   3404 |     75 |     99 |   2108 |   6 |  579.8 |
         Sewer |    746 |    746 |      0 |    100 |    311 |   1 |  746.0 |
       Ossuary |    351 |    351 |      0 |      0 |    196 |   1 |  351.0 |
               +--------+--------+--------+--------+--------+-----+--------+

Top non-repeatable levels by time:
     D:3: 1242 daAuts
     D:4: 811 daAuts
   Sewer: 746 daAuts
     D:1: 680 daAuts
     D:2: 546 daAuts
 Ossuary: 351 daAuts
     D:5: 195 daAuts
     D:6: 3 daAuts
